 Dungeon Crawl Stone Soup version 0.29-a0-791-ga0f254aafb (webtiles) character file.

Game seed: 10469046535998254082

97 Malachi the Sneak (level 4, -2/29 HPs)
             Began as an Octopode Brigand on July 3, 2022.
             Slain by an orc
             ... wielding a +0 whip
              (3 damage)
             ... on level 3 of the Dungeon.
             The game lasted 00:01:50 (1933 turns).

Malachi the Sneak (Octopode Brigand)                Turns: 1933, Time: 00:01:51

Health: -2/29      AC:  1    Str: 10    XL:     4   Next: 68%
Magic:  4/4        EV: 12    Int: 13    God:
Gold:   162        SH:  0    Dex: 15    Spells: 3/3 levels left

rFire   . . .      SeeInvis .   a - +2 dagger
rCold   . . .      Faith    .   (no shield)
rNeg    . . .      Spirit   .   (helmet restricted)
rPois   .          Reflect  .   (no amulet)
rElec   .          Harm     .   (no ring)
rCorr   .          Rampage  .   (no ring)
Will    .....                   (no ring)
Stlth   ++++......              (no ring)
HPRegen 0.09/turn               (no ring)
MPRegen 0.09/turn               (no ring)
                                (no ring)
                                (no ring)

@: no status effects
A: almost no armour, amphibious, 8 rings, camouflage 1, gelatinous body 1,
(nimble swimmer 1), tentacles
a: no special abilities


You were on level 3 of the Dungeon.
You visited 1 branch of the dungeon, and saw 3 of its levels.

You collected 162 gold pieces.

Inventory:

Hand Weapons
 a - a +2 dagger (weapon)
Missiles
 b - 14 poisoned darts (quivered)
 c - 3 curare-tipped darts
 d - a throwing net
Wands
 n - a wand of flame (11)
Scrolls
 e - 2 scrolls of teleportation {unknown}
 g - a scroll of vulnerability {unknown}
 h - a scroll of blinking {unknown}
 l - a scroll of amnesia {unknown}
 o - a scroll of enchant armour {unknown}
 p - a scroll of identify {unknown}
Potions
 f - 2 potions of attraction {unknown}
 i - a potion of invisibility {unknown}
 j - a potion of heal wounds {unknown}
 k - 3 potions of curing {unknown}
 m - a potion of degeneration {unknown}
 q - a potion of ambrosia {unknown}
 r - a potion of brilliance {unknown}


   Skills:
 - Level 2.0 Fighting
 + Level 4.7 Short Blades
 - Level 2.0 Throwing
 - Level 1.0 Dodging
 - Level 5.3 Stealth


You had 3 spell levels left.
You didn't know any spells.
Your spell library contained the following spells:

 Spells                   Type           Power      Damage    Failure   Level
 Necrotize                Necr           0%         1d4       30%         1
 Sting                    Tmut/Pois      0%         1d3       30%         1
 Poisonous Vapours        Pois/Air       0%         N/A       43%         2
 Vampiric Draining        Necr           0%         2d6       67%         3
 Olgreb's Toxic Radiance  Pois           0%         N/A       97%         4
 Agony                    Necr           0%         N/A       100%        5


Dungeon Overview and Level Annotations

Branches:
Dungeon (3/15)

Altars:

Shops:
D:1 =


Innate Abilities, Weirdness & Mutations

You cannot wear most types of armour.
You are amphibious.
You can wear up to eight rings at the same time.
Your skin changes colour to match your surroundings (Stealth+).
Your rubbery body absorbs attacks. (AC +1, EV +1)
((You are camouflaged when in or above water. (Stealth+)))
You have tentacles for arms and can constrict up to eight enemies at once.


Message History

You squeeze the orc wizard.
You kill the orc wizard!
You hit the orc. Your grab misses the orc.
The orc is lightly wounded.
The orc hits you with a +0 hand axe. The orc hits you with a +0 whip.
You barely miss the orc. Your grab misses the orc.
The orc is lightly wounded.
The orc barely misses you. The orc hits you with a +0 hand axe.
You are too injured to fight recklessly!
You are too injured to fight recklessly!
You are too injured to fight recklessly!
You are too injured to fight recklessly!
You are too injured to fight recklessly!
You are too injured to fight recklessly!
You are too injured to fight recklessly!
You are too injured to fight recklessly!
You are too injured to fight recklessly!
You are too injured to fight recklessly!
Unknown command.
The orc attacks as you move away! The orc hits you with a +0 hand axe.
The orc attacks as you move away! The orc hits you with a +0 hand axe.
You hit the orc but do no damage. You grab the orc. You constrict the orc.
The orc closely misses you.
You hit the orc. You squeeze the orc, but do no damage.
The orc is severely wounded.
You constrict the orc. The orc hits you with a +0 hand axe.
* * * LOW HITPOINT WARNING * * *
You hit the orc.
You kill the orc!
The orc hits you with a +0 whip.
* * * LOW HITPOINT WARNING * * *
Things that are here:
a +0 hand axe; a +0 ring mail You completely miss the orc.
Your grab misses the orc. The orc hits you with a +0 whip.
* * * LOW HITPOINT WARNING * * *
You hit the orc. You grab the orc.
The orc is moderately wounded.
You constrict the orc. The orc hits you with a +0 whip.
You die...

#.##..# #.....#
####.## #.# #.#
######### #.#
####.......# #.#
.......##.# #.#
##......#@# #.#
#.$.....#o###.#####.#
#......ow...........#
.#.......#.#.....#####
.........#.##...##
##....)....###.##
#.......### #.#
#.......# #.#
####.#### #+#


You could see a dart slug and an orc.

Vanquished Creatures
  An orc wizard (D:3)
  A gnoll (D:1)
  2 adders
  An orc (D:3)
  2 giant cockroaches
  7 goblins
  6 hobgoblins
  8 jackals
  A quokka (D:1)
  4 bats
  4 frilled lizards
  3 kobolds
  A rat (D:1)
41 creatures vanquished.

Notes
Turn   | Place    | Note
-------+----------+-------------------------------------------
     0 | D:1      | Malachi the Octopode Brigand began the quest for the Orb.
     0 | D:1      | Reached XP level 1. HP: 14/14 MP: 1/1
    94 | D:1      | Found Houhuog's Jewellery Boutique.
   147 | D:1      | Found a faded altar of an unknown god.
   207 | D:1      | Reached XP level 2. HP: 19/19 MP: 2/2
   560 | D:1      | Reached XP level 3. HP: 21/24 MP: 3/3
  1737 | D:3      | Reached XP level 4. HP: 28/29 MP: 4/4
  1932 | D:3      | HP: 1/29 [orc/+0 whip (5)]
  1933 | D:3      | Slain by an orc

Illustrated notes

Levels and vault maps discovered:
D:1:      saegor_arrival_under_anarchy, layout_basic, serial_shops,
          nicolae_shop_behind_doors, ebering_ecumenical_altar_webs,
          dk_noncrumbling_3, dreamdust_mushroom_princess, minmay_misc_feat_x
D:2:      layout_basic
D:3:      layout_loops_corners, nrook_mini_vaults, uniq_terence

Skill      XL: |  1  2  3 |
---------------+----------+-----
Short Blades   | 3 4 |  4.7
Fighting       | |  2.0
Throwing       | |  2.0
Dodging        | |  1.0
Stealth        | |  5.3

Action                   |  1- 3 |  4- 6 || total
-------------------------+-------+-------++-------
Melee: Dagger            |    66 |    21 ||    87
       Constrict         |    17 |     4 ||    21
       Tentacles         |     8 |     3 ||    11
       Punch             |     1 |       ||     1
 Stab: Sleeping          |     9 |     1 ||    10
       Distracted        |     2 |       ||     2
Armor: Skin              |     7 |     1 ||     8
Dodge: Dodged            |    37 |     7 ||    44

Table legend: (Time is in decaauts)
 A = Elapsed time spent in this place.
 B = Non-inter-level travel time spent in this place.
 C = Inter-level travel time spent in this place.
 D = Time resting spent in this place.
 E = Time spent auto-exploring this place.
 F = Levels seen in this place.
 G = Mean time per level.
                   A        B        C        D        E       F      G
               +--------+--------+--------+--------+--------+-----+--------+
         Total |   1917 |   1899 |     18 |     53 |   1553 |   3 |  639.0 |
       Dungeon |   1917 |   1899 |     18 |     53 |   1553 |   3 |  639.0 |
               +--------+--------+--------+--------+--------+-----+--------+

Top non-repeatable levels by time:
     D:2: 898 daAuts
     D:1: 723 daAuts
     D:3: 295 daAuts
